 Dungeon Crawl Stone Soup version 0.21-a0-450-gd87a9b2 (webtiles) character file.

627419 tof the Conqueror (level 27, -6/273 HPs)
             Began as a Minotaur Berserker on Nov 15, 2017.
             Was the Champion of Trog.
             Killed from afar by an orb of fire (50 damage)
             ... with a fireball
             ... on level 5 of the Realm of Zot on Nov 18, 2017.
             The game lasted 06:03:05 (87564 turns).

tof the Conqueror (Minotaur Berserker)             Turns: 87564, Time: 06:03:06

Health: -6/273     AC: 34    Str: 28 (29) XL:     27
Magic:  43/43      EV: 33    Int:  2      God:    Trog [******]
Gold:   5662       SH:  4    Dex: 25      Spells: 26/26 levels left

rFire    + . .     SeeInvis +   w - +12 triple sword of Trog's Displeasure {speed, rElec}
rCold    + . .     Gourm    .   (shield currently unavailable)
rNeg     . . .     Faith    .   U - +6 shadow dragon scales
rPois    .         Spirit   .   (helmet unavailable)
rElec    +         Reflect  +   G - scarf {rC+ rF+}
rCorr    +         Harm     .   F - +3 pair of gloves "Yhup" {-Tele rElec rCorr MP+9}
MR       ++++.     Rnd*Rage +   D - +2 pair of boots {run} Stlth +++++++++.NoTele +
                                C - amulet of Bodily Harmony {Reflect rElec MR+ SH+4}
HPRegen  0.55/turn              h - ring "Geda" {+Inv EV+4 Str+4}
MPRegen  0.28/turn              a - ring "Ruajulo" {MR+ Dex+3 SInv Stlth+}

@: berserk cooldown, slowed, very slow
A: retaliatory headbutt, horns 3, thin metallic scales 1, thin skeletal
structure 1, berserk 2, deterioration 1, dopey 1, screaming 1, MP-powered wands
}: 3/15 runes: decaying, silver, gossamer
a: Berserk, Trog's Hand, Brothers in Arms, Burn Spellbooks, Renounce Religion,
Evoke Invisibility


You were on level 5 of the Realm of Zot.
You worshipped Trog.
Trog was exalted by your worship.
You were hungry.

You visited 10 branches of the dungeon, and saw 49 of its levels.
You also visited: Labyrinth, Trove and Ice Cave.

You collected 6299 gold pieces.
You spent 637 gold pieces at shops.

Inventory:

Hand Weapons
 p - a +9 great sword of flaming
 w - the +12 triple sword of Trog's Displeasure (weapon) {speed, rElec}
   (Trog gifted it to you on level 5 of the Realm of Zot)

   Attacks with this weapon are significantly faster.
   It insulates you from electricity.
 N - a +5 antimagic great sword
Missiles
 g - 12 javelins of penetration (quivered)
 S - 10 steel javelins
Armour
 D - a +2 pair of boots of running (worn)
 F - the +3 pair of gloves "Yhup" (worn) {-Tele rElec rCorr MP+9}
   (You found it on level 6 of the Dungeon)

   It insulates you from electricity.
   It affects your magic capacity (+9).
   It prevents most forms of teleportation.
   It protects you from acid and corrosion.
 G - a scarf of resistance (worn)
 U - +6 shadow dragon scales (worn)
 V - the +1 plate armour of Egalitarianism {rPois Str+3 SInv}
   (You found it on level 3 of the Lair of Beasts)

   It affects your strength (+3).
   It protects you from poison.
   It lets you see invisible.
Jewellery
 a - the ring "Ruajulo" (right hand) {MR+ Dex+3 SInv Stlth+}
   (You bought it in a shop on level 2 of the Elven Halls)

   [ring of see invisible]

   It affects your dexterity (+3).
   It affects your resistance to hostile enchantments.
   It lets you see invisible.
   It makes you more stealthy.
 c - the ring "Ligouklo" {rElec Str-3 Int+4}
   (You took it off a fire giant on level 4 of the Vaults)

   [ring of strength]

   It affects your strength (-3).
   It affects your intelligence (+4).
   It insulates you from electricity.
 h - the ring "Geda" (left hand) {+Inv EV+4 Str+4}
   (You took it off a vault warden on level 5 of the Vaults)

   [ring of evasion]

   It affects your evasion (+4).
   It affects your strength (+4).
   It lets you turn invisible.
 C - the amulet of Bodily Harmony (around neck) {Reflect rElec MR+ SH+4}
   (You found it in a treasure trove)

   [amulet of reflection]

   It shields you and reflects attacks.
   It insulates you from electricity.
   It affects your resistance to hostile enchantments.
   It affects your SH (+4).
 H - a +3 ring of protection {unknown}
 J - an uncursed ring of flight
Wands
 q - a wand of digging (10/24)
 s - a wand of lightning (15/15)
 B - a wand of polymorph (10/24)
 O - a wand of flame (41/48)
 R - a wand of paralysis (24/24)
Scrolls
 b - 5 scrolls of magic mapping
 e - 6 scrolls of fog
 j - 6 scrolls of recharging
 k - 22 scrolls of teleportation
 m - 17 scrolls of remove curse
 x - 8 scrolls of blinking
 y - a scroll of brand weapon
 I - 7 scrolls of identify
 L - a scroll of summoning
 M - 5 scrolls of fear
 Q - a scroll of silence
 W - 2 scrolls of holy word
 X - 8 scrolls of enchant weapon
Potions
 l - 14 potions of heal wounds
 n - 6 potions of agility
 o - 12 potions of flight
 r - 8 potions of ambrosia
 t - 5 potions of cancellation
 u - 4 potions of might
 v - 13 potions of haste
 K - 13 potions of curing
 P - 2 potions of resistance
 T - a potion of invisibility
Miscellaneous
 d - a phantom mirror
 z - a box of beasts
 A - a lightning rod (4/4)
Comestibles
 f - 10 royal jellies
 i - 29 meat rations
 E - a chunk of flesh


   Skills:
 O Level 27 Fighting
 - Level 24.0 Long Blades
 + Level 14.3 Throwing
 - Level 18.0 Armour
 + Level 22.6 Dodging
 + Level 19.1 Stealth
 + Level 16.4 Evocations


You had 26 spell levels left.
You didn't know any spells.

Dungeon Overview and Level Annotations

Branches:
Dungeon (15/15)            Temple (0/1) D:7            Lair (6/6) D:8
  Swamp (4/4) Lair:3       Spider (4/4) Lair:3        Slime (0/5) Lair:5
    Orc (2/2) D:12            Elf (2/3) Orc:2        Vaults (5/5) D:14
  Crypt (1/3) Vaults:2     Depths (5/5) D:15            Zot (5/5) Depths:5

Altars:
Ashenzari
Cheibriados
Dithmenos
Elyvilon
Gozag
Hepliaklqana
Nemelex Xobeh
Qazlal
Sif Muna
Trog
Vehumet
Xom
Zin
The Shining One
Beogh

Shops:
D:11 [   Orc:2 ?*[*   Elf:1 :%   Elf:2 ==}   Vaults:2 [   Vaults:3 [
Vaults:4 :

Portals:
Hell: Depths:1 Depths:2 Depths:3 Depths:4 Depths:5
Abyss: Depths:1 Depths:4
Pandemonium: Depths:1 Depths:2 Depths:3 Depths:4
Ziggurat: Depths:4

Annotations:
Depths:2 1 exclusion
Depths:4 33 runed doors


Innate Abilities, Weirdness & Mutations

You reflexively headbutt those who attack you in melee.
You have a pair of large horns on your head.
You are partially covered in thin metallic scales. (AC +2)
You have a somewhat thin skeletal structure. (Dex +2, Stealth)
You often lose your temper in combat.
Your body sometimes deteriorates upon taking damage.
You are dopey. (Int -2)
You occasionally shout uncontrollably at your foes.
You expend magic power (3 MP) to strengthen your wands.


Message History

An orb of fire comes into view.
The orb of fire glows yellow.
The fireball explodes!
The fireball engulfs you! You resist.
The orb of fire glows red.
The fireball explodes!
The fireball engulfs you! You resist.
Your body deteriorates!
You feel weakened.
The orb of fire glows yellow.
The fireball explodes!
The fireball engulfs you! You resist.
The orb of fire glows deep purple.
The fireball explodes!
The fireball engulfs you! You resist.
* * * LOW HITPOINT WARNING * * *
The orb of fire emits a lurid red light.
Strange energies course through your body.
The orb of fire glows deep purple.
The fireball explodes!
The fireball engulfs you! You resist.
* * * LOW HITPOINT WARNING * * *
You see here a javelin of penetration.
The orb of fire glows deep purple.
The fireball explodes!
The fireball engulfs you! You resist.
You die...

▓▓▓# #▓▓▓▓▓▓▓#▓▓▓## ***
▓▓▓▓......... ,,***
##▓............ ,,,,**
##.....^........ ,,,,,* ▓▓▓▓▓▓▓▓▓
#...............
,,,,,*▓▓.......▓▓▓...............
,.,,,▓▓.........▓▓...............
,....▓.(.........▓...............
...........*...(@(.....^.........
.....▓.....*.....▓...............
.!..,▓▓.........▓▓...............
...,,*▓▓.......▓▓▓...............
..,,,* ▓▓▓▓▓▓▓▓▓ ▓...?...........
.,,,** ▓▓..........^... ,,***
▓▓▓............ *** ▓▓▓▓.........
▓▓▓▓▓▓▓▓▓▓


You could see 2 orbs of fire.

Vanquished Creatures
  3 orbs of fire (Zot:5)
  8 ancient liches
  2 juggernauts
  Sojobo (Depths:2)
  Frederick (Vaults:4)
  A curse toe (Zot:5)
  Saint Roka (Depths:3)
  3 Killer Klowns
  7 golden dragons
  7 electric golems (Zot:5)
  2 bone dragons (Depths:5)
  Jorgrun (Depths:3)
  The ghost of Mitsuki the Brawler, an adept TrFi of Yredelemnul (Depths:2)
  12 tentacled monstrosities
  22 Orb Guardians (Zot:5)
  Asterion (Spider:1)
  A deep elf blademaster (Elf:2)
  5 titans
  4 quicksilver dragons
  2 liches
  3 sphinxes
  6 thorn hunters
  7 death cobs
  13 storm dragons
  3 ancient champions
  12 shadow dragons
  Donald (Swamp:2)
  8 tengu reavers
  A daeva (Depths:4)
  5 draconian monks
  5 fire giants
  A revenant (Crypt:1)
  4 draconian knights
  5 deep elf sorcerers
  3 iron dragons
  2 orc warlords
  A ghost moth (shapeshifter) (Elf:1)
  10 frost giants
  8 ghost moths
  18 vault wardens
  A deep elf elementalist (Vaults:4)
  7 emperor scorpions
  4 draconian scorchers
  27 very ugly things
  A juggernaut skeleton (Depths:5)
  7 draconian annihilators
  5 draconian shifters
  A spriggan defender (Depths:5)
  19 ironheart preservers
  14 stone giants
  3 draconian stormcallers
  A reaper (Depths:3)
  4 war gargoyles
  An entropy weaver (Spider:3)
  3 vampire knights
  Nessos (D:15)
  11 green draconians
  5 deep elf annihilators
  9 black draconians
  6 deep elf demonologists
  6 purple draconians
  9 red draconians
  9 white draconians
  13 yellow draconians
  13 ettins
  2 green deaths
  9 deep elf death magi
  9 spark wasps
  A merfolk javelineer (Depths:4)
  A quicksilver dragon zombie (Crypt:1)
  A minotaur (Lab)
  14 yaktaur captains
  9 fire dragons
  Josephine (Lair:5)
  A deep elf high priest (Depths:2)
  2 great orbs of eyes
  A merfolk impaler (Depths:2)
  A monstrous demonspawn (Depths:4)
  A hell beast (Depths:5)
  10 ice dragons
  21 hydras
  2 rakshasas
  28 vault guards
  6 spriggan air magi
  11 centaur warriors
  3 death knights
  4 alligators
  9 ogre magi
  33 two-headed ogres
  19 dancing weapons
  8 deep troll shamans
  11 deep troll earth magi
  4 tengu warriors
  20 death yaks
  A titan zombie (Vaults:5)
  3 vampire magi
  11 spriggan berserkers
  2 soul eaters (Depths:5)
  22 deep elf knights
  Sonja (Lair:2)
  4 iron trolls
  5 shadow wraiths
  14 spriggans
  43 deep trolls
  A storm dragon skeleton (Vaults:1)
  An infernal demonspawn (Depths:3)
  A hell knight (Depths:3)
  2 gelid demonspawn
  23 skeletal warriors
  10 swamp dragons
  An unseen horror (shapeshifter) (Vaults:1)
  A salamander mystic (Depths:2)
  3 flayed ghosts
  5 wizards
  2 glowing orange brains
  A golden dragon zombie (Depths:5)
  24 ironbrand convokers
  5 unseen horrors
  2 spriggan druids
  6 phantasmal warriors
  20 deep elf archers
  24 orc knights
  A shadow dragon zombie (Depths:5)
  Pikel (D:6)
  2 shambling mangroves
  6 necromancers
  5 harpies (Vaults:2)
  A harpy (shapeshifter) (Depths:2)
  An iron dragon zombie (Depths:5)
  A mana viper (shapeshifter) (Vaults:2)
  7 orc sorcerers
  17 orb spiders
  An oklob plant (Lair:5)
  24 wolf spiders
  76 deep elf magi
  56 ugly things
  2 cyclopes (shapeshifter) (Vaults:2)
  A salamander (shapeshifter) (Depths:3)
  2 salamanders (Depths:2)
  9 cyclopes
  An elf zombie (Depths:5)
  4 rust devils
  Joseph (D:13)
  8 black mambas
  An elephant (shapeshifter) (D:15)
  3 centaur zombies
  4 elephants (Lair:6)
  3 guardian serpents (shapeshifter)
  An ice statue (IceCv)
  A spriggan zombie (Depths:5)
  A guardian serpent (Lair:6)
  Maurice (D:8)
  17 moths of wrath
  10 vault sentinels
  A hellion (Depths:1)
  3 gargoyles
  4 centaur skeletons (D:15)
  15 spiny frogs
  A smoke demon (Depths:1)
  A torpor snail (Spider:3)
  46 yaktaurs
  3 kobold demonologists
  A spiny frog (shapeshifter) (Vaults:2)
  16 demonic crawlers
  A redback zombie (D:14)
  2 efreet (D:14)
  A yaktaur zombie (Vaults:5)
  4 freezing wraiths
  3 komodo dragons (Lair:3)
  4 yaktaurs (shapeshifter)
  5 rime drakes
  4 red devils
  2 hellwings (Depths:2)
  An ice devil (Depths:3)
  4 tengu conjurers
  20 jumping spiders
  A polar bear (shapeshifter) (Depths:3)
  2 hornets (shapeshifter) (Depths:2)
  A wind drake (shapeshifter) (Vaults:4)
  15 polar bears
  11 trolls
  A troll (shapeshifter) (Depths:3)
  A tengu simulacrum (Vaults:1)
  33 hornets
  6 tyrant leeches
  74 slime creatures
  10 hippogriffs
  4 blink frogs (Swamp:2)
  10 bog bodies
  A frost giant simulacrum (Vaults:3)
  46 redbacks
  A spriggan (shapeshifter) (D:15)
  A shadow (Swamp:1)
  20 tarantellas
  6 air elementals
  8 wraiths
  7 water elementals
  46 yaks
  Eustachio (D:4)
  2 basilisks (Depths:5)
  A chaos spawn (Depths:3)
  4 fire elementals
  13 wyverns
  A basilisk (shapeshifter) (Depths:3)
  A hog (shapeshifter) (Depths:3)
  Grum (D:10)
  6 hungry ghosts
  18 vampire mosquitoes
  Menkaure (D:5)
  18 swamp worms
  7 wargs
  3 swamp worms (shapeshifter)
  3 insubstantial wisps (Swamp:4)
  A merfolk zombie (Crypt:1)
  An acid dragon (Vaults:2)
  2 hell hounds
  A soldier ant (D:11)
  7 porcupines
  10 swamp drakes
  A porcupine (shapeshifter) (Vaults:3)
  27 water moccasins
  2 ice beasts (shapeshifter)
  A slave (D:6)
  3 sky beasts
  4 black bears
  2 hornet zombies
  87 orc warriors
  An ice beast (D:12)
  A black bear (shapeshifter) (D:15)
  4 phantoms
  2 necrophages
  10 boggarts
  30 ogres
  32 wolves
  41 centaurs
  16 crocodiles
  4 big kobolds
  8 bullfrogs
  A glowing shapeshifter simulacrum (Vaults:5)
  A wyvern zombie (D:11)
  4 earth elementals
  A wyvern skeleton (D:15)
  A hornet simulacrum (Vaults:1)
  2 water moccasin skeletons (D:8)
  10 scorpions
  13 killer bees
  A howler monkey (D:7)
  8 jellies
  9 wights (D:8)
  6 crimson imps
  4 lava snakes (Lab)
  A bullfrog zombie (D:13)
  2 human zombies
  A quasit (D:10)
  10 hounds
  A human simulacrum (Vaults:1)
  37 orc priests
  30 orc wizards
  Ijyb (D:5)
  A bullfrog skeleton (D:5)
  12 human skeletons (Vaults:4)
  3 iguanas
  15 worker ants
  2 worker ant zombies
  Robin (D:4)
  3 gnolls (Orc:2)
  10 adders
  6 shadow imps
  9 oozes
  An adder zombie (D:5)
  5 worms
  A worm (shapeshifter) (Depths:4)
  A dart slug (D:1)
  3 leopard geckos
  157 orcs
  3 bats
  7 giant cockroaches
  17 goblins
  9 hobgoblins
  10 jackals
  2 quokkas
  2 ball pythons
  4 frilled lizards
  A jackal zombie (D:5)
  11 kobolds
  A leopard gecko skeleton (D:6)
  A quokka skeleton (D:9)
  5 rats
  2 briar patches (Swamp:4)
2404 creatures vanquished.

Vanquished Creatures (collateral kills)
  A frost giant (Vaults:5)
  An ogre mage (Vaults:5)
  A yaktaur captain (Vaults:5)
  A two-headed ogre (Vaults:5)
  A deep elf archer (Vaults:5)
  An orc knight (Vaults:5)
  A komodo dragon (Lair:1)
  A yaktaur (Vaults:5)
  A warg (Vaults:5)
  An orc (Vaults:5)
10 creatures vanquished.

Vanquished Creatures (others)
  A curse toe (Zot:5)
  A dancing weapon (Vaults:5)
  A moth of wrath (Zot:5)
  A spiny frog (Lair:5)
  A hornet (Vaults:5)
  A redback (Spider:4)
  3 orc warriors
  A slave (D:8)
  A boggart (Depths:4)
  An ogre (Vaults:5)
  A quokka (D:6)
  6 briar patches (Swamp:4)
  14 fungi (Lair:6)
  16 plants
  5 toadstools (Swamp:3)
54 creatures vanquished.

Grand Total: 2468 creatures vanquished

Notes
Turn   | Place    | Note
-------+----------+-------------------------------------------
     0 | D:1      | tof the Minotaur Berserker began the quest for the Orb.
     0 | D:1      | Reached XP level 1. HP: 19/19 MP: 0/0
   292 | D:1      | Reached XP level 2. HP: 27/27 MP: 1/1
   841 | D:2      | Found a shadowy altar of Dithmenos.
  1246 | D:2      | Reached XP level 3. HP: 33/33 MP: 2/2
  1250 | D:2      | Reached skill level 4 in Fighting
  1616 | D:3      | Reached XP level 4. HP: 11/40 MP: 3/3
  1894 | D:3      | Found an opulent altar of Gozag.
  2009 | D:3      | Found a hazy altar of Hepliaklqana.
  2095 | D:3      | Reached ** piety under Trog
  2159 | D:3      | Reached skill level 5 in Long Blades
  2425 | D:3      | Found a snail-covered altar of Cheibriados.
  2431 | D:3      | Found a radiant altar of Vehumet.
  2435 | D:3      | Found a shattered altar of Ashenzari.
  2704 | D:4      | Reached XP level 5. HP: 36/47 MP: 4/4
  2875 | D:4      | Found a bloodstained altar of Trog.
  2964 | D:4      | Noticed Eustachio
  2984 | D:4      | Killed Eustachio
  2984 | D:4      | Reached skill level 5 in Fighting
  2984 | D:4      | Reached XP level 6. HP: 56/56 MP: 5/5
  3191 | D:4      | Reached XP level 7. HP: 15/61 MP: 6/6
  3850 | D:4      | Reached skill level 5 in Armour
  3961 | D:4      | Noticed Robin
  3965 | D:4      | Reached *** piety under Trog
  3971 | D:4      | Killed Robin
  4166 | D:5      | Entered Level 5 of the Dungeon
  4535 | D:5      | Noticed Ijyb
  4540 | D:5      | Reached skill level 6 in Fighting
  4540 | D:5      | Reached XP level 8. HP: 56/70 MP: 7/7
  4546 | D:5      | Killed Ijyb
  4623 | D:5      | Reached skill level 5 in Dodging
  5135 | D:5      | Noticed Menkaure
  5161 | D:5      | Killed Menkaure
  5525 | D:5      | Gained mutation: You are partially covered in thin metallic scales. (AC +2) [mutagenic meat]
  5526 | D:5      | Gained mutation: You are clumsy. (Dex -2) [mutagenic meat]
  5527 | D:5      | Gained mutation: Your mind is acute. (Int +2) [mutagenic meat]
  5528 | D:5      | Lost mutation: Your mind is acute. (Int +2) [mutagenic meat]
  5530 | D:5      | Gained mutation: Your spells are a little harder to cast, but a little more powerful. [mutagenic meat]
  5688 | D:5      | Received a gift from Trog
  5896 | D:5      | Reached skill level 7 in Fighting
  6006 | D:5      | Noticed a hippogriff
  6050 | D:5      | Killed a hippogriff
  6050 | D:5      | Reached XP level 9. HP: 79/79 MP: 8/8
  6247 | D:5      | Found a deep blue altar of Sif Muna.
  6349 | D:6      | Got a pair of encrusted gloves
  6360 | D:6      | Identified the +3 pair of gloves "Yhup" {-Tele rElec rCorr MP+9} (You found it on level 6 of the Dungeon)
  6400 | D:6      | Reached skill level 10 in Long Blades
  6683 | D:6      | Noticed Pikel
  6700 | D:6      | Killed Pikel
  6835 | D:6      | Found a stormy altar of Qazlal.
  6852 | D:6      | Reached **** piety under Trog
  6856 | D:6      | Reached skill level 8 in Fighting
  7500 | D:7      | Paralysed by a hornet for 2 turns
  7622 | D:7      | Found a staircase to the Ecumenical Temple.
  8083 | D:8      | Found a staircase to the Lair.
  8083 | D:8      | Noticed Maurice
  8174 | D:8      | Killed Maurice
  8174 | D:8      | Reached XP level 10. HP: 89/89 MP: 9/9
  8246 | D:8      | Noticed a two-headed ogre
  8253 | D:8      | Killed a two-headed ogre
  8459 | D:8      | Received a gift from Trog
  8459 | D:8      | Reached skill level 9 in Fighting
  8751 | D:8      | Got a sparkling lapis lazuli ring
  8765 | D:8      | Identified the ring of Osevvaov {+Fly MR++ Str+4 Slay-5 Stlth+} (You found it on level 8 of the Dungeon)
  9445 | D:8      | Found a sparkling altar of Nemelex Xobeh.
  9588 | D:8      | Reached ***** piety under Trog
  9930 | D:9      | Found a white marble altar of Elyvilon.
  9966 | D:9      | Reached XP level 11. HP: 98/98 MP: 10/10
 10687 | D:10     | Entered Level 10 of the Dungeon
 10689 | D:10     | Noticed a two-headed ogre
 10736 | D:10     | Killed a two-headed ogre
 10736 | D:10     | Reached skill level 10 in Fighting
 10780 | D:10     | Noticed Grum
 10791 | D:10     | Killed Grum
 11023 | D:10     | Reached skill level 10 in Armour
 11160 | D:10     | Noticed a green ugly thing
 11166 | D:10     | Killed a green ugly thing
 11172 | D:10     | Gained mutation: You occasionally shout uncontrollably at your foes. [mutagenic meat]
 11174 | D:10     | Gained mutation: Your magical capacity is low. (-10% MP) [mutagenic meat]
 11794 | Lair:1   | Entered Level 1 of the Lair of Beasts
 12375 | Lair:1   | You fall through a shaft!
 12455 | Lair:2   | Found a white marble altar of Elyvilon.
 12566 | Lair:2   | Lost mutation: You are clumsy. (Dex -2) [potion of mutation]
 12566 | Lair:2   | Lost mutation: You occasionally shout uncontrollably at your foes. [potion of mutation]
 12566 | Lair:2   | Lost mutation: Your magical capacity is low. (-10% MP) [potion of mutation]
 12566 | Lair:2   | Gained mutation: Your muscles are strong. (Str +2) [potion of mutation]
 12566 | Lair:2   | Gained mutation: You tend to lose your temper in combat. [potion of mutation]
 12566 | Lair:2   | Gained mutation: Your system is resistant to poisons. (rPois) [potion of mutation]
 12570 | Lair:2   | Noticed Sonja
 12584 | Lair:2   | Killed Sonja
 12741 | Lair:2   | Reached skill level 11 in Fighting
 12838 | Lair:2   | Received a gift from Trog
 12843 | Lair:1   | Reached XP level 12. HP: 28/109 MP: 11/11
 13147 | Lair:1   | Reached skill level 10 in Dodging
 14335 | Lair:3   | Reached skill level 15 in Long Blades
 14745 | Lair:3   | Found a hole to the Spider Nest.
 15728 | Lair:3   | Found a staircase to the Swamp.
 15777 | Lair:3   | Got a scorched plate armour
 15788 | Lair:3   | Identified the cursed +1 plate armour of Egalitarianism {rPois Str+3 SInv} (You found it on level 3 of the Lair of Beasts)
 16288 | Lair:4   | Noticed a seven-headed hydra
 16466 | Lair:4   | Killed a six-headed hydra
 17023 | Lair:5   | Found a glowing silver altar of Zin.
 17024 | Lair:5   | Noticed Josephine
 17033 | Lair:5   | Killed Josephine
 17044 | Lair:5   | Reached skill level 12 in Fighting
 17161 | Lair:5   | Received a gift from Trog
 17341 | Lair:5   | Found a staircase to the Slime Pits.
 17404 | Lair:5   | Found a labyrinth entrance.
 17413 | Lab      | Entered a labyrinth
 17664 | Lab      | Noticed a minotaur
 17674 | Lab      | Killed a minotaur
 17757 | Lab      | Identified a +2 pair of boots of running (You found it in a labyrinth)
 17799 | Lair:5   | Reached XP level 13. HP: 117/117 MP: 12/12
 17829 | Lair:5   | You fall through a shaft!
 17829 | Lair:6   | Entered Level 6 of the Lair of Beasts
 18896 | Lair:6   | Reached skill level 13 in Fighting
 19235 | Lair:6   | Got a distressingly furry ring mail
 19328 | Lair:6   | Reached XP level 14. HP: 127/128 MP: 13/13
 19346 | Lair:6   | Identified the +4 ring mail of Leaves {*Slow +Blink rElec rF++} (You found it on level 6 of the Lair of Beasts)
 19566 | Lair:6   | Received a gift from Trog
 20612 | D:11     | Found a frozen archway.
 20622 | IceCv    | Entered an ice cave
 21077 | IceCv    | Reached ****** piety under Trog
 21234 | IceCv    | Noticed a frost giant
 21242 | IceCv    | Killed a frost giant
 21326 | IceCv    | Got a faintly humming shield
 21333 | IceCv    | Identified the +5 shield "Nonu" {rPois Dex+6} (You found it in an ice cave)
 21556 | D:11     | Received a gift from Trog
 21594 | D:11     | Found Asua's Antique Armour Shop.
 21870 | D:11     | Reached skill level 14 in Fighting
 22302 | D:12     | Found a staircase to the Orcish Mines.
 22932 | D:13     | Received a gift from Trog
 23046 | D:13     | Noticed Joseph
 23051 | D:13     | Killed Joseph
 23605 | D:13     | Found a roughly hewn altar of Beogh.
 24160 | D:14     | Reached XP level 15. HP: 134/138 MP: 14/14
 24219 | D:14     | Found a shimmering altar of Xom.
 24219 | D:14     | Found a shimmering altar of Xom.
 24220 | D:14     | Found a shimmering altar of Xom.
 24220 | D:14     | Found a shimmering altar of Xom.
 24270 | D:14     | Found a gate to the Vaults.
 24747 | D:14     | Received a gift from Trog
 25263 | D:15     | Entered Level 15 of the Dungeon
 25566 | D:15     | Got a crude scale mail
 25577 | D:15     | Identified the +4 scale mail "Nagucaph" {Slay+2 Stlth+} (You found it on level 15 of the Dungeon)
 25928 | D:15     | Noticed Nessos
 25938 | D:15     | Killed Nessos
 26428 | D:15     | Found a staircase to the Depths.
 27073 | Orc:1    | Entered Level 1 of the Orcish Mines
 27073 | Orc:1    | Noticed an orc warlord
 27093 | D:12     | Killed an orc warlord
 27093 | D:12     | Reached skill level 15 in Fighting
 27594 | Orc:1    | Received a gift from Trog
 27746 | Orc:2    | Entered Level 2 of the Orcish Mines
 27746 | Orc:2    | Found a staircase to the Elven Halls.
 27746 | Orc:2    | Found a roughly hewn altar of Beogh.
 28774 | Orc:1    | Received a gift from Trog
 29412 | Orc:2    | Reached skill level 15 in Armour
 30389 | Orc:2    | Found Palof's Antique Armour Shop.
 30389 | Orc:2    | Found Ceqaig's Assorted Antiques.
 30391 | Orc:2    | Found Vebia's Magic Scroll Shoppe.
 30393 | Orc:2    | Found Ettapran's Assorted Antiques.
 30433 | Orc:1    | Found a roughly hewn altar of Beogh.
 30622 | Orc:2    | Bought a scroll of identify for 30 gold pieces
 30622 | Orc:2    | Bought a scroll of identify for 30 gold pieces
 30627 | Orc:2    | Bought an amethyst potion for 31 gold pieces
 30627 | Orc:2    | Bought 2 green potions for 63 gold pieces
 30634 | Orc:2    | Bought a scroll of identify for 58 gold pieces
 30634 | Orc:2    | Bought a scroll of identify for 58 gold pieces
 30954 | Spider:1 | Entered Level 1 of the Spider Nest
 30965 | Lair:3   | Received a gift from Trog
 31859 | Spider:1 | Reached XP level 16. HP: 146/149 MP: 15/15
 32870 | Spider:1 | Noticed Asterion
 32884 | Spider:1 | Killed Asterion
 33321 | Spider:1 | Got an ancient marble ring
 33356 | Spider:1 | Identified the ring "Gappi" {Wiz *Slow +Blink rElec MR++} (You took it off Asterion on level 1 of the Spider Nest)
 33498 | Spider:2 | Received a gift from Trog
 33750 | Spider:2 | You fall through a shaft!
 33839 | Spider:3 | Reached skill level 16 in Fighting
 35710 | Spider:4 | Entered Level 4 of the Spider Nest
 37706 | Spider:4 | Reached skill level 17 in Fighting
 37722 | Spider:4 | Received a gift from Trog
 37738 | Spider:3 | Reached XP level 17. HP: 37/161 MP: 9/16
 38562 | Spider:4 | Got a gossamer rune of Zot
 39036 | Swamp:1  | Entered Level 1 of the Swamp
 39140 | Swamp:1  | Reached skill level 15 in Dodging
 40531 | Swamp:2  | Received a gift from Trog
 40866 | Swamp:2  | Noticed Donald
 40875 | Swamp:2  | Killed Donald
 41448 | Swamp:3  | Paralysed by a hornet for 1 turns
 42277 | Swamp:4  | Entered Level 4 of the Swamp
 42402 | Swamp:4  | Reached skill level 18 in Fighting
 43387 | Swamp:4  | Received a gift from Trog
 43564 | Swamp:4  | Reached XP level 18. HP: 159/173 MP: 17/17
 43656 | Swamp:4  | Got a decaying rune of Zot
 43865 | Swamp:4  | Got a pair of encrusted boots
 43876 | Swamp:4  | Identified the cursed +0 pair of boots of Julinwu {rC+ Str+6} (You found it on level 4 of the Swamp)
 44334 | Vaults:1 | Entered Level 1 of the Vaults
 44903 | Vaults:1 | Reached skill level 19 in Fighting
 45782 | Vaults:1 | Received a gift from Trog
 47280 | Vaults:1 | Received a gift from Trog
 47360 | Vaults:2 | Noticed an Ice Fiend
 47360 | Vaults:2 | Gained mutation: You occasionally shout uncontrollably at your foes. [a cacodemon]
 47816 | Vaults:2 | Lost mutation: Your system is resistant to poisons. (rPois) [mutagenic meat]
 47817 | Vaults:2 | Lost mutation: Your muscles are strong. (Str +2) [mutagenic meat]
 47818 | Vaults:2 | Gained mutation: You have a somewhat thin skeletal structure. (Dex +2, Stealth) [mutagenic meat]
 47819 | Vaults:2 | Gained mutation: You have a pair of large horns on your head. [mutagenic meat]
 48039 | Vaults:2 | Reached XP level 19. HP: 178/184 MP: 18/18
 48162 | Vaults:2 | Received a gift from Trog
 48246 | Vaults:2 | Reached skill level 20 in Fighting
 48657 | Vaults:2 | Found a staircase to the Crypt.
 48922 | Vaults:2 | Found Ymicur's Armour Shop.
 50373 | Vaults:3 | Received a gift from Trog
 51111 | Vaults:3 | Reached skill level 21 in Fighting
 51191 | Vaults:3 | Found a portal to a secret trove of treasure.
 51375 | Trove    | Entered a treasure trove
 51429 | Trove    | Got a smoking bone amulet
 51431 | Trove    | Got a coiled platinum amulet
 51472 | Trove    | Identified the amulet "Popsibae" {RegenMP rF+ MR+} (You found it in a treasure trove)
 51474 | Trove    | Identified the amulet of Bodily Harmony {Reflect rElec MR+ SH+4} (You found it in a treasure trove)
 51562 | Vaults:3 | Found Veisum's Antique Armour Emporium.
 51737 | Vaults:3 | Reached skill level 1 in Stealth
 51737 | Vaults:3 | Reached skill level 1 in Evocations
 52141 | Vaults:3 | Reached XP level 20. HP: 157/198 MP: 20/20
 52902 | Vaults:4 | Reached * piety under Trog
 53559 | Vaults:4 | Reached skill level 5 in Stealth
 53559 | Vaults:4 | Reached skill level 5 in Evocations
 53688 | Vaults:4 | Noticed Frederick
 53714 | Vaults:4 | Killed Frederick
 53824 | Vaults:4 | Reached skill level 22 in Fighting
 54928 | Vaults:4 | Found Duiz's Book Shoppe.
 55943 | Depths:1 | Entered Level 1 of the Depths
 57166 | Depths:1 | Reached XP level 21. HP: 192/209 MP: 25/25
 57205 | Depths:1 | Found a one-way gate leading to the halls of Pandemonium.
 57351 | Depths:1 | Received a gift from Trog
 57550 | Depths:1 | Found a sparkling altar of Nemelex Xobeh.
 57602 | Depths:1 | Found a gateway to Hell.
 57613 | Depths:1 | Got a jewelled scale mail
 57624 | Depths:1 | Identified the +1 scale mail of Porun {rF+} (You found it on level 1 of the Depths)
 57690 | Depths:1 | Found a one-way gate to the infinite horrors of the Abyss.
 58209 | Depths:2 | Noticed a juggernaut
 58230 | Depths:2 | Killed a juggernaut
 58375 | Depths:2 | Reached skill level 23 in Fighting
 58554 | Depths:2 | Noticed Mitsuki's ghost (adept TrFi)
 58807 | Depths:2 | Killed Mitsuki's ghost
 59419 | Depths:2 | Reached skill level 1 in Throwing
 60085 | Depths:2 | Upgraded the game from 0.21-a0-442-g848f44b to 0.21-a0-444-g29a2fec
 60905 | Depths:3 | Noticed Sojobo
 60965 | Depths:2 | Reached skill level 10 in Stealth
 61118 | Depths:2 | Killed Sojobo
 61118 | Depths:2 | Reached skill level 10 in Evocations
 62460 | Depths:3 | Received a gift from Trog
 62557 | Depths:3 | Noticed a juggernaut
 62568 | Depths:3 | Killed a juggernaut
 62568 | Depths:3 | Reached XP level 22. HP: 159/222 MP: 29/29
 62871 | Depths:3 | Noticed Jorgrun
 62880 | Depths:3 | Killed Jorgrun
 63090 | Depths:3 | Got a pitted glass ring
 63221 | Depths:3 | Identified the ring "Tosheeco" {Ice Int+7 Dex+4} (You took it off a vampire mage on level 3 of the Depths)
 63383 | Depths:4 | Found a gateway to a ziggurat.
 63392 | Depths:4 | Reached skill level 24 in Fighting
 63426 | Depths:4 | Received a gift from Trog
 63433 | Depths:4 | Noticed Saint Roka
 63671 | Depths:3 | Killed Saint Roka
 64033 | Depths:4 | Reached skill level 5 in Throwing
 64257 | Depths:4 | Found a glowing golden altar of the Shining One.
 64644 | Depths:4 | Received a gift from Trog
 65475 | Depths:4 | Found a huge runed gate.
 65475 | Depths:4 | Found a huge runed gate.
 65476 | Depths:4 | Found a huge runed gate.
 65482 | Depths:4 | Found a huge runed gate.
 65483 | Depths:4 | Found a huge runed gate.
 65483 | Depths:4 | Found a huge runed gate.
 65483 | Depths:4 | Found a huge runed gate.
 65491 | Depths:4 | Found a huge runed gate.
 65491 | Depths:4 | Found a huge runed gate.
 65491 | Depths:4 | Found a huge runed gate.
 65491 | Depths:4 | Found a huge runed gate.
 65684 | Depths:4 | Found a huge runed gate.
 65684 | Depths:4 | Found a huge runed gate.
 65684 | Depths:4 | Found a huge runed gate.
 65684 | Depths:4 | Found a huge runed gate.
 65684 | Depths:4 | Found a huge runed gate.
 65688 | Depths:4 | Found a huge runed gate.
 65688 | Depths:4 | Found a huge runed gate.
 65688 | Depths:4 | Found a huge runed gate.
 65689 | Depths:4 | Found a huge runed gate.
 65746 | Depths:4 | Found a huge runed gate.
 65746 | Depths:4 | Found a huge runed gate.
 65746 | Depths:4 | Found a huge runed gate.
 65746 | Depths:4 | Found a huge runed gate.
 65746 | Depths:4 | Found a huge runed gate.
 65746 | Depths:4 | Found a huge runed gate.
 65746 | Depths:4 | Found a huge runed gate.
 65948 | Depths:4 | Found a huge runed gate.
 65948 | Depths:4 | Found a huge runed gate.
 65951 | Depths:4 | Found a huge runed gate.
 65951 | Depths:4 | Found a huge runed gate.
 65952 | Depths:4 | Found a huge runed gate.
 66008 | Depths:4 | Found a huge runed gate.
 66528 | Elf:1    | Entered Level 1 of the Elven Halls
 66835 | Elf:1    | Received a gift from Trog
 67156 | Elf:1    | Found Lukoxt's Book Emporium.
 67169 | Elf:1    | Found Zeofan's Food Emporium.
 68261 | Elf:2    | Found a huge runed gate.
 68261 | Elf:2    | Found a huge runed gate.
 68266 | Elf:2    | Found a huge runed gate.
 68410 | Elf:2    | Received a gift from Trog
 68727 | Elf:2    | Found Pafe's Gadget Emporium.
 68727 | Elf:2    | Found Leinusk's Jewellery Shop.
 68741 | Elf:2    | Found Uthaurph's Jewellery Shop.
 68787 | Elf:2    | Bought the ring "Ruajulo" {MR+ Dex+3 SInv Stlth+} for 367 gold pieces
 68868 | Elf:2    | Received a gift from Trog
 69409 | Elf:2    | Reached XP level 23. HP: 156/232 MP: 27/31
 70272 | Crypt:1  | Entered Level 1 of the Crypt
 71142 | Depths:5 | Entered Level 5 of the Depths
 71275 | Depths:5 | Received a gift from Trog
 71793 | Depths:5 | Reached skill level 25 in Fighting
 71927 | Depths:5 | Found a gate to the Realm of Zot.
 73285 | Depths:5 | Noticed an ancient lich
 73418 | Depths:5 | Received a gift from Trog
 73532 | Depths:5 | Reached skill level 15 in Stealth
 73694 | Depths:5 | Killed an ancient lich
 73778 | Depths:5 | Identified Lehudib's Papyrus of Stones
 73855 | Depths:5 | Identified the Volume of Evil
 74263 | Vaults:5 | Entered Level 5 of the Vaults
 74915 | Vaults:4 | Upgraded the game from 0.21-a0-444-g29a2fec to 0.21-a0-450-gd87a9b2
 75146 | Vaults:4 | Reached XP level 24. HP: 227/243 MP: 31/31
 75707 | Vaults:5 | Received a gift from Trog
 75729 | Vaults:5 | Received a gift from Trog
 75997 | Vaults:5 | Received a gift from Trog
 76188 | Vaults:5 | Reached skill level 26 in Fighting
 77397 | Vaults:5 | Received a gift from Trog
 77430 | Vaults:4 | Got a crude bone ring
 78311 | Vaults:5 | Got a scorched ivory ring
 78312 | Vaults:5 | Got a slimy plate armour
 78338 | Vaults:4 | Identified the +7 plate armour of the Princess {Dex+3} (You took it off a vault warden on level 5 of the Vaults)
 78352 | Vaults:5 | Identified the cursed ring "Ligouklo" {rElec Str-3 Int+4} (You took it off a fire giant on level 4 of the Vaults)
 78355 | Vaults:5 | Identified the ring "Geda" {+Inv EV+4 Str+4} (You took it off a vault warden on level 5 of the Vaults)
 78499 | Vaults:5 | Noticed an ancient lich
 78526 | Vaults:5 | Killed an ancient lich
 78526 | Vaults:5 | Reached skill level 10 in Throwing
 78656 | Vaults:5 | Got an ancient plate armour
 78667 | Vaults:5 | Identified the +4 plate armour of Impermeability {MR+} (You found it on level 5 of the Vaults)
 78915 | Vaults:5 | Received a gift from Trog
 79302 | Vaults:5 | Received a gift from Trog
 79311 | Vaults:5 | Got a silver rune of Zot
 79322 | Vaults:5 | Got a distressingly furry plate armour
 79333 | Vaults:5 | Identified the +2 plate armour "Caileosi" {rPois rN+} (You found it on level 5 of the Vaults)
 79875 | Zot:1    | Entered Level 1 of the Realm of Zot
 79888 | Zot:1    | Reached XP level 25. HP: 255/255 MP: 32/32
 80009 | Zot:1    | Received a gift from Trog
 81113 | Zot:2    | Received a gift from Trog
 81977 | Zot:3    | Reached skill level 27 in Fighting
 83753 | Zot:3    | Received a gift from Trog
 84961 | Zot:4    | Reached XP level 26. HP: 266/266 MP: 33/33
 85286 | Zot:4    | Reached skill level 15 in Evocations
 85412 | Zot:5    | Entered Level 5 of the Realm of Zot
 85815 | Zot:5    | Noticed an ancient lich
 85827 | Zot:5    | Killed an ancient lich
 85867 | Zot:5    | Noticed an ancient lich
 85911 | Zot:5    | Killed an ancient lich
 85926 | Zot:5    | Noticed an ancient lich
 85936 | Zot:5    | Killed an ancient lich
 85950 | Zot:5    | Noticed an ancient lich
 85969 | Zot:5    | Noticed an ancient lich
 85981 | Zot:5    | Killed an ancient lich
 85991 | Zot:5    | Killed an ancient lich
 85991 | Zot:5    | Received a gift from Trog
 86199 | Zot:5    | Got a shimmering triple sword {god gift}
 86200 | Zot:5    | Identified the +12 triple sword of Trog's Displeasure {speed, rElec} (Trog gifted it to you on level 5 of the Realm of Zot)
 86636 | Zot:5    | Noticed an orb of fire
 86647 | Zot:5    | Gained mutation: Your body sometimes deteriorates upon taking damage. [an orb of fire]
 86657 | Zot:5    | Killed an orb of fire
 86996 | Zot:5    | Noticed an orb of fire
 87002 | Zot:5    | Gained mutation: You expend magic power (3 MP) to strengthen your wands. [an orb of fire]
 87014 | Zot:5    | Gained mutation: You often lose your temper in combat. [an orb of fire]
 87014 | Zot:5    | Gained mutation: You are dopey. (Int -2) [an orb of fire]
 87024 | Zot:5    | Killed an orb of fire
 87024 | Zot:5    | Reached XP level 27. HP: 121/273 MP: 34/34
 87063 | Zot:5    | Noticed an ancient lich
 87301 | Zot:5    | Killed an ancient lich
 87538 | Zot:5    | Noticed an orb of fire
 87545 | Zot:5    | Lost mutation: Your spells are a little harder to cast, but a little more powerful. [an orb of fire]
 87554 | Zot:5    | Killed an orb of fire
 87556 | Zot:5    | Noticed an orb of fire
 87560 | Zot:5    | Noticed an orb of fire
 87564 | Zot:5    | Killed from afar by an orb of fire

Vault maps used:
D:1:      lemuel_arrival_funnel
D:2:      lemuel_round_altar
D:3:      overflow_temple_1_default, minmay_overflow_temple_star_quad,
          grunt_gozag_breadcrumbs
D:4:      first_bread, trog_three_pillars_becter, uniq_robin, uniq_eustachio
D:5:      marbit_many_paths, nzn_random_ring, uniq_ijyb, uniq_menkaure
D:6:      nicolae_overflow_crystal_walls, grunt_decor_resistance, uniq_pikel
D:7:      minmay_temple_entry_glassed_door
D:8:      minmay_lair_entry_lava, nemelex_spade_bored_becter, uniq_maurice
D:9:      elyvilon_altar_1
D:10:     uniq_joseph, uniq_grum
D:11:     serial_shops, nicolae_shop_behind_doors,
          portal_ice_cave_entry_pillars_2, hangedman_little_slice_of_home
D:12:     minmay_klotski, orc_0_dummy
D:14:     david_vaults_5, xom_redecorated
D:15:     gammafunk_enter_depths_forms, serial_bayou_pond_e,
          hangedman_abyss_or_decor_clamps, grunt_ministairs_1, uniq_nessos
Lair:1:   grunt_megastairs_3
Lair:2:   basic_altar, beast_lair_carwin_10, uniq_sonja
Lair:3:   minmay_swamp_entry_swarm, nicolae_spider_entry_orb_guardian,
          serial_bayou_pond_e
Lair:5:   nicolae_slime_entry_slimehenge, lab_entry_generic, lemuel_oklob_altar,
          uniq_josephine
Lair:6:   hangedman_lair_tendril_chambers
Swamp:1:  evilmike_swamp_ruin_rubble_2, swamp_pool2, nicolae_swamp_dense_foliage
Swamp:2:  hangedman_swamp_pad, uniq_donald
Swamp:3:  cheibrodos_swamp_tower_of_moss, evilmike_swamp_ruin_house_5
Swamp:4:  swamp_basic_johnstein
Spider:1: uniq_asterion
Spider:4: guppyfry_spider_rune, nicolae_crawler_farm
Orc:1:    basic_altar
Orc:2:    st_orc_rangers, basic_altar
Elf:1:    eino_elf_arrival_customs, minmay_shop_star
Elf:2:    minivault_24, minmay_shop_grove
Vaults:1: hangedman_vaults_maws, nicolae_vaults_three_branches,
          nicolae_vaults_puzzle_piece, v_alt_pattern_3, v_misc_3, v_misc_3,
          v_misc_15, nicolae_vaults_diagonal_hallway_9,
          hangedman_vaults_restitches, ontoclasm_vaults_loading_screen,
          ontoclasm_vaults_pinch
Vaults:2: vaults_dpeg_diagonal, hangedman_vaults_snaps, special_room_vaults,
          minmay_crypt_entry_simple_box, hangedman_vaults_corner,
          nicolae_vaults_theta, vaults_room_ringed_pool, v_misc_30,
          vaults_room_boxed, v_misc_19, v_misc_8, hangedman_vaults_slice,
          serial_shops, shop
Vaults:3: hangedman_vaults_river_flow, grunt_vaults_trifunnel,
          nicolae_vaults_alarming, vaults_room_mumra_shop_pool,
          hangedman_vaults_stretched_pinwheel, grunt_vaults_focal,
          nicolae_vaults_windows_and_doors_thing, nicolae_vaults_rhombus_6,
          enter_trove_0
Vaults:4: v_misc_10, ontoclasm_vaults_ring_large, vaults_dpeg_encased_lava,
          hangedman_vaults_stagger, nicolae_vaults_network_s,
          dpeg_vaults_monster_row, v_misc_24, v_pattern_2,
          hangedman_vaults_impose, v_misc_26, vaults_room_pools,
          vaults_dpeg_doors, serial_shops, shop_statue, uniq_frederick
Crypt:1:  minmay_misc_feat_cross, grunt_crypt_arrival_split, uniq_jory,
          uniq_khufu
Depths:1: grunt_hell_entry_dis_grunt, abyss_entry, rand_demon_pan_entry_1,
          minmay_misc_feat_enclosed, nemelex_diamond_rough_becter
Depths:2: kennysheep_bubble_arena, hellmouth_1, hangedman_decor_riveting,
          pan_entry, minmay_staircase_windowed_small
Depths:3: minmay_split_circle, rand_demon_pan_entry_7, hell_entry,
          infiniplex_staircase_star, uniq_jorgrun, uniq_sojobo
Depths:4: abrahamwl_protected_by_tso_2, enter_ziggurat_a, hell_entry,
          rand_demon_pan_entry_8, minmay_misc_feat_iff,
          abyss_entry_small_statue_room, door_vault, uniq_saint_roka
Depths:5: grunt_zot_entry_gee_three, grunt_mini_vestibule, hex_medium,
          special_room, hangedman_research_geology
Zot:3:    grunt_ministairs_11, lemuel_elevator
Zot:4:    st_small_dragon_hoard_1
Zot:5:    lemuel_golem_globe
Lab:      lab_hedge, labyrinth_lava_lair, nicolae_lab_checkerboard,
          nicolae_lab_lava, nicolae_lab_quarters, labyrinth_skeletal_remains
Trove:    trove_garden
IceCv:    ice_cave_caverns_03

Skill      XL: |  1  2  3  4  5  6  7  8  9 10 11 12 13 14 15 16 17 18 19 20 21 22 23 24 25 26 27 |
---------------+----------------------------------------------------------------------------------+-----
Long Blades    | 4 5 6 7 9 11 12 14 16 17 19 20 21 22 23 24 | 24.0
Fighting       | 4 5 6 7 8 9 11 12 13 14 15 17 18 19 21 22 23 24 25 26 27 | 27.0
Armour         | 3 4 5 6 8 9 10 11 13 14 15 16 17 18 | 18.0
Dodging        | 3 4 6 7 8 9 11 12 13 14 15 16 17 18 19 20 21 22 | 22.6
Stealth        | 2 7 10 13 15 17 18 19 | 19.1
Evocations     | 2 7 10 12 13 14 16 | 16.4
Throwing       | 3 6 8 10 12 14 | 14.3

Action                   |  1- 3 |  4- 6 |  7- 9 | 10-12 | 13-15 | 16-18 | 19-21 | 22-24 | 25-27 || total
-------------------------+-------+-------+-------+-------+-------+-------+-------+-------+-------++-------
Melee: Falchion          |    41 |    94 |   306 |       |       |       |       |       |       ||   441
       Headbutt          |     4 |    22 |    82 |   115 |   231 |   328 |   437 |   485 |   261 ||  1965
       Great sword       |       |       |    46 |   447 |   859 |  1030 |  1249 |  1176 |   453 ||  5260
       Triple sword      |       |       |       |       |       |       |       |       |   185 ||   185
Throw: Javelin           |       |       |       |    46 |    18 |    55 |    41 |   132 |    71 ||   363
       Tomahawk          |       |       |       |     8 |     1 |       |       |       |       ||     9
Invok: Berserk           |       |     1 |     5 |     4 |     4 |     2 |     5 |     5 |     2 ||    28
       Trog's Hand       |       |       |     2 |     1 |     3 |     1 |     1 |     4 |     3 ||    15
       Brothers in Arms  |       |       |       |     1 |       |     1 |       |     1 |     1 ||     4
       Burn Spellbooks   |       |       |       |       |       |     2 |       |     4 |     1 ||     7
Evoke: Fan of gales      |       |       |       |       |       |       |     1 |       |       ||     1
       Sack of spiders   |       |       |       |       |       |       |     1 |       |       ||     1
       Wand              |       |       |       |       |       |       |       |     1 |       ||     1
  Use: Scroll            |       |       |     5 |    21 |    14 |    10 |     3 |    12 |    12 ||    77
       Potion            |       |       |       |     1 |     3 |     1 |       |       |     2 ||     7
 Stab: Sleeping          |       |       |       |     2 |       |       |       |       |    17 ||    19
       Distracted        |       |       |       |     1 |       |       |     1 |     6 |     4 ||    12
       Paralysed         |       |       |       |       |       |       |       |     1 |       ||     1
  Eat: Chunk             |     2 |     6 |    21 |    33 |    50 |    19 |    29 |    38 |    14 ||   212
       Bread ration      |       |       |     1 |     3 |     1 |     8 |     4 |     2 |     1 ||    20
       Fruit             |       |       |       |       |     2 |       |     1 |     5 |       ||     8
       Royal jelly       |       |       |       |       |       |       |     1 |     5 |     4 ||    10
Armor: Animal skin       |     4 |       |       |       |       |       |       |       |       ||     4
       Ring mail         |     4 |    40 |   106 |       |   305 |    36 |       |       |       ||   491
       Leather armour    |       |       |    11 |   149 |       |       |       |       |       ||   160
       Plate armour      |       |       |       |    64 |   120 |   640 |   453 |   266 |       ||  1543
       Shadow dragon sca |       |       |       |       |       |       |       |   290 |   167 ||   457
Dodge: Dodged            |    29 |    67 |   191 |   428 |  1056 |   839 |   744 |  1041 |   467 ||  4862
Block: Other             |       |       |       |       |       |       |   129 |   200 |    47 ||   376
       Reflection        |       |       |       |       |       |       |    11 |    17 |       ||    28
       Rpst.: Falchion   |     7 |    18 |    40 |       |       |       |       |       |       ||    65
       Great sword       |       |       |    10 |   120 |   208 |   165 |   146 |   188 |    64 ||   901
       Triple sword      |       |       |       |       |       |       |       |       |    12 ||    12

Table legend:
 A = Spawn XP
 B = Non-spawn XP
 C = Spawn XP percentage of total XP
 D = Spawn monster count
 E = Non-spawn monster count
 F = Spawn count percentage of total count
 G = Total turns spent on level
                    A         B        C        D         E        F      G
               +---------+---------+-------+---------+---------+-------+---------
         Total |       0 | 1537099 |   0.0 |       0 |    2415 |   0.0 | 87564
               +---------+---------+-------+---------+---------+-------+---------
           D:1 |       0 |      22 |   0.0 |       0 |      12 |   0.0 |   732
           D:2 |       0 |      21 |   0.0 |       0 |      10 |   0.0 |   843
           D:3 |       0 |     119 |   0.0 |       0 |      21 |   0.0 |  1123
           D:4 |       0 |     951 |   0.0 |       0 |      44 |   0.0 |  1533
           D:5 |       0 |    2044 |   0.0 |       0 |      49 |   0.0 |  2213
           D:6 |       0 |    1171 |   0.0 |       0 |      21 |   0.0 |   913
           D:7 |       0 |    1107 |   0.0 |       0 |      23 |   0.0 |  1020
           D:8 |       0 |    4230 |   0.0 |       0 |      44 |   0.0 |  1690
           D:9 |       0 |    2032 |   0.0 |       0 |      24 |   0.0 |  1013
          D:10 |       0 |    5438 |   0.0 |       0 |      37 |   0.0 |  1071
          D:11 |       0 |    3435 |   0.0 |       0 |      36 |   0.0 |   994
          D:12 |       0 |    4554 |   0.0 |       0 |      31 |   0.0 |   935
          D:13 |       0 |   10121 |   0.0 |       0 |      57 |   0.0 |  1187
          D:14 |       0 |   11651 |   0.0 |       0 |      23 |   0.0 |  1633
          D:15 |       0 |   17726 |   0.0 |       0 |      49 |   0.0 |  2376
        Lair:1 |       0 |    2903 |   0.0 |       0 |      15 |   0.0 |  1688
        Lair:2 |       0 |    4691 |   0.0 |       0 |      23 |   0.0 |  1171
        Lair:3 |       0 |    6949 |   0.0 |       0 |      27 |   0.0 |  3740
        Lair:4 |       0 |    2780 |   0.0 |       0 |      13 |   0.0 |   856
        Lair:5 |       0 |    7415 |   0.0 |       0 |      29 |   0.0 |  1262
        Lair:6 |       0 |   32131 |   0.0 |       0 |      76 |   0.0 |  1632
       Swamp:1 |       0 |   12486 |   0.0 |       0 |      42 |   0.0 |  1161
       Swamp:2 |       0 |   14731 |   0.0 |       0 |      33 |   0.0 |  1030
       Swamp:3 |       0 |   13208 |   0.0 |       0 |      29 |   0.0 |  1568
       Swamp:4 |       0 |   35785 |   0.0 |       0 |      60 |   0.0 |  1314
      Spider:1 |       0 |   15334 |   0.0 |       0 |      38 |   0.0 |   709
      Spider:2 |       0 |    9413 |   0.0 |       0 |      23 |   0.0 |   858
      Spider:3 |       0 |   11245 |   0.0 |       0 |      20 |   0.0 |  2586
      Spider:4 |       0 |   36892 |   0.0 |       0 |      72 |   0.0 |  1971
         Orc:1 |       0 |    4763 |   0.0 |       0 |      46 |   0.0 |  2345
         Orc:2 |       0 |    9115 |   0.0 |       0 |      88 |   0.0 |  1206
         Elf:1 |       0 |   21994 |   0.0 |       0 |      37 |   0.0 |  1331
         Elf:2 |       0 |   40467 |   0.0 |       0 |      59 |   0.0 |  2023
      Vaults:1 |       0 |   66279 |   0.0 |       0 |     119 |   0.0 |  3393
      Vaults:2 |       0 |   68929 |   0.0 |       0 |     143 |   0.0 |  2557
      Vaults:3 |       0 |   46569 |   0.0 |       0 |      79 |   0.0 |  2708
      Vaults:4 |       0 |  138520 |   0.0 |       0 |     173 |   0.0 |  6326
      Vaults:5 |       0 |  125770 |   0.0 |       0 |     100 |   0.0 |  1910
       Crypt:1 |       0 |   16175 |   0.0 |       0 |      19 |   0.0 |   571
      Depths:1 |       0 |   36390 |   0.0 |       0 |      43 |   0.0 |  2568
      Depths:2 |       0 |   84181 |   0.0 |       0 |      80 |   0.0 |  2936
      Depths:3 |       0 |   55161 |   0.0 |       0 |      60 |   0.0 |  2928
      Depths:4 |       0 |   45742 |   0.0 |       0 |      67 |   0.0 |  2303
      Depths:5 |       0 |   99000 |   0.0 |       0 |      92 |   0.0 |  2737
         Zot:1 |       0 |   44919 |   0.0 |       0 |      29 |   0.0 |  1572
         Zot:2 |       0 |   19401 |   0.0 |       0 |      13 |   0.0 |   507
         Zot:3 |       0 |   86267 |   0.0 |       0 |      49 |   0.0 |  2618
         Zot:4 |       0 |   35089 |   0.0 |       0 |      22 |   0.0 |  1071
         Zot:5 |       0 |  207861 |   0.0 |       0 |      63 |   0.0 |  1921
           Lab |       0 |    2036 |   0.0 |       0 |       9 |   0.0 |   347
         IceCv |       0 |   11886 |   0.0 |       0 |      44 |   0.0 |   746
               +---------+---------+-------+---------+---------+-------+---------
